 Dungeon Crawl Stone Soup version 0.31.0-32-g396128a36d (webtiles) character file.

Game seed: 2455975603132856474

71 ozzols the Chopper (level 4, -3/58 HPs)
             Began as a Minotaur Berserker on Mar 13, 2024.
             Was a Believer of Trog.
             Slain by Terence
             ... wielding a +0 falchion
              (5 damage)
             ... on level 2 of the Dungeon.
             The game lasted 00:02:29 (1301 turns).

ozzols the Chopper (Minotaur Berserker)             Turns: 1301, Time: 00:02:30

Health: -3/58      AC:  2    Str: 23    XL:     4   Next: 5%
Magic:  3/3        EV: 12    Int:  4    God:    Trog [**....]
Gold:   129        SH:  0    Dex: 10    Spells: 3/3 levels left

rFire   . . .        a - +0 hand axe
rCold   . . .        (no shield)
rNeg    . . .        b - +0 animal skin
rPois   .            (helmet restricted)
rElec   .            (no cloak)
rCorr   .            (no gloves)
SInv    .            (no boots)
Will    .....        (no amulet) Stlth
                     (no ring)
HPRegen 0.29/turn    (no ring)
MPRegen 0.08/turn

%: no passive effects
@: berserking, very quick
A: horns 2, retaliatory headbutt
a: Renounce Religion, Berserk, Trog's Hand


You were on level 2 of the Dungeon.
You worshipped Trog.
Trog was pleased with you.
You visited 1 branch of the dungeon, and saw 2 of its levels.

You collected 129 gold pieces.

Inventory:

Hand Weapons
 a - a +0 hand axe (weapon)
Missiles
 g - 6 datura-tipped darts
 h - 5 poisoned darts (quivered)
Armour
 b - a +0 animal skin (worn)
Scrolls
 d - 3 scrolls of teleportation {unknown}
 e - a scroll of identify {unknown}
 j - a scroll of amnesia {unknown}
Potions
 c - a potion of brilliance {unknown}
 f - a potion of mutation {unknown}
 i - a potion of ambrosia {unknown}


   Skills:
 - Level 3.6 Fighting
 + Level 6.0 Axes
 - Level 2.4 Armour
 - Level 2.1 Dodging


You had 3 spell levels left.
You didn't know any spells.
Your spell library was empty.

Dungeon Overview and Level Annotations

Branches:
Dungeon (2/15)

Altars:

Annotations:
D:2 Terence


Innate Abilities, Weirdness & Mutations

You have a pair of horns on your head.
You reflexively headbutt those who attack you in melee.


Message History

Terence is lightly wounded.
Terence barely misses you.
You barely miss Terence.
Terence is lightly wounded.
Terence closely misses you.
You closely miss Terence.
Terence is lightly wounded.
Terence zaps a wand.
The puff of flame hits you!
You barely miss Terence.
Terence is lightly wounded.
You feel the effects of Trog's Hand fading.
Terence zaps a wand.
The puff of flame hits you!
* * * LOW HITPOINT WARNING * * *
You barely miss Terence.
Terence is lightly wounded.
Terence closely misses you.
You hit Terence. You headbutt Terence.
Terence is heavily wounded.
Terence zaps a wand.
The puff of flame hits you!
* * * LOW HITPOINT WARNING * * *
Okay, then.
You closely miss Terence.
Terence is heavily wounded.
Terence completely misses you.
You barely miss Terence. You headbutt Terence, but do no damage.
Terence is heavily wounded.
Terence closely misses you.
You hit Terence but do no damage.
Terence is heavily wounded.
Your skin stops crawling.
You feel less strong-willed. Terence barely misses you.
You hit Terence.
Terence is severely wounded.
Terence hits you with a +0 falchion.
* * * LOW HITPOINT WARNING * * *
A red film seems to cover your vision as you go berserk!
You feel yourself moving faster!
You feel mighty! Terence hits you with a +0 falchion.
You die...
Terence says, "Rest in peace."

##.†.....+
+....
###....####
####.
#........# ##
#.#.####.# #
#....# #.#
#..#)# #.#
#....# #.#
#.##.# #@#
#.##.###@#
#.......[#
####...........
#######.#.#. .#
. #. ##


You could see Terence.

Vanquished Creatures
  Robin (D:2)
  2 dart slugs (D:1)
  8 ball pythons
  4 endoplasms
  A giant cockroach (D:1)
  8 hobgoblins
  3 jackals (D:2)
  A quokka (D:2)
  2 bats (D:1)
  15 goblins
  2 kobolds (D:1)
  A rat (D:1)
48 creatures vanquished.

Notes
Turn   | Place    | Note
-------+----------+-------------------------------------------
     0 | D:1      | ozzols the Minotaur Berserker began the quest for the Orb.
     0 | D:1      | Reached XP level 1. HP: 19/19 MP: 0/0
    66 | D:1      | Reached skill level 4 in Axes
   205 | D:1      | Reached XP level 2. HP: 26/26 MP: 1/1
   476 | D:1      | Reached skill level 5 in Axes
   580 | D:1      | Reached XP level 3. HP: 20/31 MP: 2/2
   704 | D:1      | Reached ** piety under Trog
  1144 | D:2      | Noticed Robin
  1165 | D:2      | Killed Robin
  1255 | D:2      | Reached skill level 6 in Axes
  1255 | D:2      | Reached XP level 4. HP: 34/39 MP: 3/3
  1287 | D:2      | Noticed Terence
  1300 | D:2      | HP: 1/39 [Terence/+0 falchion (6)]
  1301 | D:2      | Slain by Terence

Illustrated notes

Levels and vault maps discovered:
D:1:      dpeg_arrival_shrine, layout_loops_ring
D:2:      layout_loops_corners, shapermc_ecumenical_altar_petra, serial_shops,
          nicolae_shop_tiny_glass, serial_bayou_pond_d, uniq_terence, uniq_robin

Skill      XL: |  1  2  3 |
---------------+----------+-----
Axes           | 4 5 6 |  6.0
Fighting       | |  3.6
Armour         | |  2.4
Dodging        | |  2.1

Action                     |  1- 3 |  4- 6 || total
---------------------------+-------+-------++-------
  Melee: Hand axe          |    95 |    13 ||   108
         Headbutt          |    14 |     4 ||    18
 Invoke: Trog's Hand       |     1 |     1 ||     2
         Berserk           |       |     1 ||     1
 Armour: Animal skin       |    51 |     8 ||    59
  Dodge: Dodged            |    64 |     7 ||    71
